Map: Lerilak Crest

Players

Perra

  • Race: Zerg Zerg
  • League: Grandmaster

Corinth

  • Race: Terran Terran
  • League: Grandmaster

SticklerMac - Winner!

  • Race: Terran Terran
  • League: Bronze

Austin - Winner!

  • Race: Terran Terran
  • League: Grandmaster

VOD

Have the link to the VOD?

Description

Time

  • Played on: July 29, 2015, 2:41 p.m.
  • Length: 14:11
Show
View Real Time Build Order
Export as new Build Order

Perra Zerg 

Build Orders: Pool First, Zergling Baneling 

Get SALT Encoding   

  12  0:02  Drone  
  13  0:18  Drone  
  14  0:31  Spawning Pool  
  13  0:38  Drone  
  14  0:46  Extractor  
  13  0:50  Drone  
  13  0:54  Extractor  
  13  0:55  Overlord  
  13  0:57  Overlord  
  13  1:01  Drone  
  14  1:25  Queen  
  16  1:26  Drone x2  
  18  1:38  Baneling Nest  
  17  1:42  Drone  
  18  1:58  Drone x2  
  20  2:06  Drone  
  21  2:17  Zergling x2  
  22  2:41  Spine Crawler  
  21  2:47  Lair  
  19  3:26  Zergling x2  
  22  3:27  Zergling x16  
  28  3:35  Drone  
  29  3:48  Metabolic Boost  
  29  4:03  Centrifical Hooks  
  29  4:20  Baneling x2  
  29  4:21  Baneling x8  
  29  4:22  Baneling x3  
  29  4:32  Overlord  
  21  5:05  Zergling x8  
  25  5:23  Hatchery  
  25  5:25  Drone  
  24  5:35  Baneling  
  24  5:36  Baneling x2  
  24  5:37  Baneling x3  
  24  5:49  Spore Crawler, Zergling x2  
  24  5:55  Drone  
  25  5:59  Drone  
  11  6:41  Spine Crawler  
  9  6:50  Zergling x6  
  12  7:10  Baneling  
  12  7:13  Baneling  
  12  7:14  Baneling  
  11  7:40  Drone x4  
  13  8:02  Zergling x4  
  13  8:03  Zergling x2  
  16  8:19  Zergling x2  
  16  8:32  Baneling x2  
  16  8:33  Baneling x4  
  16  8:50  Spine Crawler  
  16  9:14  Zergling x4  
  16  9:15  Spine Crawler, Zergling x2  
  10  13:04  Hatchery  
Show
View Real Time Build Order
Export as new Build Order

Corinth Terran 

Build Orders: Bio Tank 

Get SALT Encoding   

  12  0:02  SCV  
  13  0:14  SCV  
  13  0:20  Supply Depot  
  14  0:27  SCV  
  15  0:42  SCV  
  16  0:45  Barracks  
  16  0:51  Refinery  
  16  0:54  SCV  
  17  1:06  SCV, Barracks  
  18  1:18  SCV  
  19  1:30  SCV  
  20  1:42  Command Center  
  20  1:44  Marine  
  21  1:47  SCV  
  22  1:55  Marine  
  23  2:02  Supply Depot  
  23  2:08  Orbital Command  
  23  2:23  Marine  
  24  2:31  Marine  
  24  2:41  SCV, Marine  
  26  2:49  Marine  
  27  2:57  Refinery  
  27  2:59  Marine  
  27  3:02  Orbital Command  
  27  3:03  SCV  
  29  3:13  Factory  
  29  3:15  SCV  
  30  3:27  SCV  
  30  3:28  Engineering Bay  
  30  3:31  SCV  
  32  3:37  Barracks Tech Lab  
  32  3:39  Barracks Reactor  
  32  3:47  Factory  
  32  3:50  SCV x2  
  32  3:53  Supply Depot  
  34  3:58  Combat Shields, Missile Turret  
  34  4:01  Factory Tech Lab  
  34  4:05  SCV x2  
  36  4:10  Missile Turret  
  36  4:15  Marine  
  37  4:20  Siege Tank  
  37  4:22  SCV x2  
  42  4:28  Supply Depot  
  42  4:30  Marine x2  
  44  4:33  Marine  
  44  4:34  Factory Tech Lab, SCV x2  
  47  4:46  Supply Depot, SCV x2  
  49  5:04  Siege Tank x2  
  49  5:05  Marine x3  
  56  5:16  Refinery  
  56  5:18  Stimpack  
  52  5:22  Marine  
  52  5:23  Marine x2  
  55  5:35  Missile Turret  
  55  5:36  Siege Tank  
  55  5:40  Marine x2  
  55  5:41  Barracks, Marine  
  61  5:42  Barracks  
  61  5:43  SCV x2  
  61  5:46  Refinery  
  63  5:58  Marine x3  
  63  6:00  SCV x2  
  68  6:07  Command Center  
  68  6:11  Terran Infantry Weapons Level 1  
  68  6:17  Engineering Bay  
  68  6:18  Supply Depot  
  68  6:40  Siege Tank x2, Marine x3  
  68  6:42  Supply Depot  
  77  6:57  Marine  
  77  6:59  Marine  
  62  7:10  Marine  
  62  7:12  Siege Tank  
  62  7:15  Marine  
  66  7:17  Marine  
  66  7:21  Siege Tank  
  71  7:28  Marine  
  67  7:32  Barracks Reactor  
  67  7:33  Marine  
  67  7:34  Starport  
  67  7:35  Orbital Command, Marine  
  68  7:38  SCV x2  
  70  7:44  Siege Tank  
  70  7:46  Marine  
  70  7:50  SCV  
  75  7:55  Marine x3  
  75  7:57  Siege Tank  
  81  8:04  Marine  
  72  8:28  Marine x4  
  72  8:29  Marine x2  
  72  8:30  Siege Tank x2  
  84  8:36  Orbital Command  
  81  8:46  Marine x5  
  81  8:47  Marine  
  84  8:48  Starport Reactor  
  77  9:02  Siege Tank  
  63  9:27  SCV x3  
  63  9:30  Marine x5  
  63  9:31  Marine  
  69  9:35  Siege Tank x2  
  69  9:36  Medivac  
  69  9:37  Medivac  
  76  9:39  SCV x3  
  79  9:45  Barracks  
  79  9:46  Barracks  
  79  9:48  Marine x6  
  85  9:54  Refinery  
  85  9:55  Refinery, Missile Turret  
  85  9:59  Missile Turret  
  85  10:05  Marine  
  85  10:06  Medivac x2, Marine x5  
  98  10:07  Siege Tank x2  
  101  10:15  Armory  
  101  10:36  Supply Depot  
  101  10:37  Supply Depot  
  101  10:38  Supply Depot  
  101  10:39  Supply Depot  
  101  10:44  Marine  
  101  10:45  Marine  
  101  10:46  SCV x2, Marine  
  101  10:47  SCV  
  62  11:07  Marine x6  
  62  11:09  Siege Tank x2  
  74  11:11  Viking  
  74  11:12  Viking  
  74  11:16  Marine x2  
  77  11:24  Marine  
  77  11:25  Marine x5  
  83  11:27  Supply Depot  
  83  11:34  Marine x2  
  85  11:41  Siege Tank  
  85  11:42  Siege Tank, Marine  
  85  11:43  Marine x5  
  94  11:51  Marine  
  94  11:52  Marine  
  96  12:00  Marine  
  96  12:09  Marine x4  
  96  12:10  Marine  
  96  12:14  Siege Tank x2  
  104  12:18  Marine  
  104  12:19  Marine x2  
  104  12:22  Viking x2  
  111  12:27  Marine x5  
  116  12:36  Marine  
  117  12:37  Marine x2  
  119  12:46  Siege Tank x2  
  119  12:50  Marine  
  126  12:54  Orbital Command  
  126  13:17  Marine  
  126  13:18  Marine  
  126  13:19  Marine x3  
  125  13:20  Siege Tank  
  104  13:31  Marine x3  
  107  13:35  Siege Tank, Marine  
  107  13:36  Marine  
  107  13:37  Marine x3  
Show
View Real Time Build Order
Export as new Build Order

SticklerMac Terran - Winner!

Build Orders:  

Get SALT Encoding   

  12  0:01  SCV  
  13  0:13  SCV  
  14  0:18  Supply Depot  
  14  0:25  SCV  
  15  0:39  SCV  
  15  0:40  Barracks  
  16  0:48  Refinery  
  16  0:51  SCV  
  17  1:03  Barracks  
  17  1:04  SCV  
  18  1:16  SCV  
  19  1:21  Supply Depot  
  19  1:29  SCV, Marine  
  21  1:41  SCV  
  22  1:47  Marine  
  22  1:51  Marine  
  22  1:53  SCV  
  25  1:55  Refinery  
  25  2:00  Factory  
  25  2:08  Barracks Reactor  
  25  2:10  Marine  
  26  2:24  SCV  
  27  2:30  Marine  
  28  2:48  Starport  
  28  2:53  Marine  
  28  2:54  Marine x2  
  28  3:15  Marine  
  28  3:16  Marine  
  28  3:17  Marine  
  30  3:27  Command Center  
  30  3:37  Supply Depot  
  30  3:38  Supply Depot  
  30  3:48  Marine  
  31  3:58  Marine x2, Widow Mine  
  31  3:59  Medivac  
  37  4:09  Engineering Bay  
  37  4:10  Engineering Bay  
  37  4:16  Marine x2  
  40  4:18  Barracks Tech Lab  
  39  4:27  Widow Mine  
  39  4:28  Medivac  
  43  4:44  Orbital Command  
  28  5:05  Marine  
  28  5:06  Marine x2  
  31  5:12  Widow Mine  
  31  5:23  Medivac, Marine x2  
  31  5:24  Marine  
  36  5:35  SCV  
  37  5:41  SCV, Marine x3  
  41  5:47  SCV  
  42  5:53  SCV  
  43  5:59  Marine x2  
  43  6:00  Marauder  
  47  6:21  Marauder  
  37  6:34  Marine x2  
  37  6:36  Widow Mine  
  37  6:38  Medivac  
  43  6:42  Marine  
  44  6:52  Marine  
  45  7:04  Marine x2  
  47  7:09  Marine  
  44  7:46  Marine x2  
  44  7:47  Marine  
  44  7:49  Medivac  
  48  7:53  Barracks  
  48  7:55  Barracks x2  
  48  7:56  Barracks  
  46  8:01  Barracks  
  46  8:04  Marine x3  
  49  8:31  Marine x3  
  52  8:46  Marine x4  
  52  8:47  Marine  
  57  8:48  Marine  
  57  8:49  Marine x2  
  59  9:04  Marine x3  
  59  9:07  Marine  
  62  10:02  Marine x2  
  62  10:03  Marine  
  62  10:04  Marine x3  
  62  10:16  Marine  
  62  10:19  Marine  
  62  10:22  Marine  
  62  10:24  Marine  
  62  10:27  Marine  
  62  10:30  Marine  
  62  10:40  Supply Depot  
  62  10:43  Supply Depot x2  
  62  10:44  Supply Depot  
  62  11:01  Marine x8  
  69  11:17  Supply Depot  
  69  11:19  Marine x8  
  69  11:20  Medivac  
  79  11:37  Marine x8  
  87  11:55  Marine x4  
  66  12:57  Marine  
  66  12:58  Marine x7  
  72  13:15  Marine x4  
  72  13:16  Marine x4  
  80  13:33  Marine x6  
  86  13:41  Medivac  
  86  13:43  Command Center  
Show
View Real Time Build Order
Export as new Build Order

Austin Terran - Winner!

Build Orders: Reaper Expand, Mech, Siege Tank Drop 

Get SALT Encoding   

  12  0:01  SCV  
  13  0:13  SCV  
  14  0:18  Supply Depot  
  14  0:25  SCV  
  15  0:40  Refinery  
  15  0:44  Barracks  
  15  0:46  SCV  
  16  0:58  SCV  
  17  1:10  SCV  
  18  1:22  SCV  
  19  1:32  Reaper  
  20  1:33  Supply Depot  
  20  1:36  Orbital Command  
  20  1:50  Command Center  
  20  2:03  SCV, Refinery  
  20  2:05  Barracks Reactor  
  21  2:15  SCV  
  22  2:21  Factory  
  22  2:27  SCV  
  22  2:39  SCV  
  22  2:42  Supply Depot, Marine x2  
  25  2:56  SCV  
  26  3:00  Marine x2  
  26  3:01  Orbital Command  
  26  3:04  Bunker  
  28  3:08  Factory Tech Lab, Starport  
  28  3:10  SCV  
  29  3:17  Marine  
  29  3:18  Marine  
  31  3:22  SCV  
  32  3:29  Siege Tank  
  32  3:33  SCV  
  36  3:34  SCV  
  36  3:39  Marine x2  
  39  3:45  SCV  
  39  3:46  Supply Depot  
  39  3:48  SCV  
  41  3:57  SCV, Medivac  
  41  4:00  SCV, Marine x2  
  47  4:06  Siege Tank  
  51  4:10  SCV  
  51  4:12  SCV  
  52  4:20  Marine x2  
  52  4:21  Supply Depot  
  52  4:22  SCV  
  55  4:24  SCV  
  56  4:34  SCV  
  56  4:36  Command Center  
  56  4:38  Siege Tank  
  60  4:39  SCV  
  61  4:46  SCV  
  61  4:51  SCV  
  63  4:53  Supply Depot  
  63  4:55  Refinery  
  63  4:56  Refinery  
  63  4:58  SCV  
  64  5:00  Marine  
  64  5:01  Marine  
  64  5:03  SCV  
  67  5:07  Factory  
  67  5:10  Siege Tank  
  70  5:30  SCV x2  
  70  5:32  Medivac  
  74  5:39  Marine x2  
  74  5:42  SCV x2  
  78  5:48  Siege Tank  
  81  5:54  SCV x2  
  81  5:55  Orbital Command  
  83  5:57  Refinery  
  83  6:00  Factory Tech Lab, Refinery  
  83  6:04  Factory  
  83  6:06  SCV  
  83  6:07  SCV, Factory  
  83  6:10  Supply Depot  
  85  6:18  Supply Depot, SCV  
  85  6:19  SCV  
  85  6:20  SCV  
  85  6:23  Siege Tank  
  85  6:25  Supply Depot  
  91  6:30  Starport Reactor  
  91  6:31  SCV x2  
  94  6:32  SCV  
  94  6:35  Armory x2  
  94  6:43  SCV x2  
  94  6:45  SCV  
  97  6:50  Supply Depot  
  97  6:51  Supply Depot  
  80  7:28  Marine  
  80  7:29  Siege Tank x2, Marine  
  85  7:30  Factory Tech Lab  
  85  7:31  Medivac x2  
  89  7:45  Terran Vehicle And Ship Armor Level 1, Terran Vehicle Weapons Level 1  
  89  7:47  Factory Tech Lab  
  89  7:48  Factory  
  89  7:49  Factory  
  89  8:01  Siege Tank  
  68  8:32  Siege Tank x2  
  65  8:55  Factory Tech Lab  
  65  8:56  Factory Reactor  
  65  8:58  SCV x2  
  67  9:03  Command Center x2  
  67  9:09  Liberator x2  
  62  9:10  SCV  
  62  9:24  Siege Tank x3  
  67  9:28  SCV x2  
  77  9:40  Hellbat x2  
  77  9:41  Siege Tank  
  77  9:42  SCV x2  
  77  9:44  Supply Depot  
  77  9:45  Supply Depot x2  
  86  9:48  Supply Depot  
  86  9:51  Supply Depot  
  86  10:05  Marine  
  86  10:06  SCV x2, Siege Tank  
  92  10:07  Terran Vehicle Weapons Level 2, Terran Vehicle And Ship Armor Level 2  
  92  10:18  SCV x2  
  94  10:25  Refinery  
  94  10:33  Refinery  
  94  10:38  SCV x2  
  94  10:41  Orbital Command  
  96  11:01  Liberator x2  
  96  11:10  Siege Tank x2  
  102  11:12  Hellion, Siege Tank, Hellbat x2  
  117  11:33  SCV x2  
  117  11:34  Hellbat  
  117  11:35  Siege Tank, Hellbat  
  117  11:37  Siege Tank  
  129  11:57  Siege Tank x2  
  129  11:58  Hellbat x2  
  129  11:59  SCV x2  
  129  12:00  SCV  
  139  12:04  Orbital Command  
  139  12:10  Command Center  
  139  12:11  SCV x2  
  139  12:13  SCV  
  142  12:23  SCV x2  
  142  12:25  SCV  
  142  12:29  Engineering Bay  
  145  12:33  Siege Tank x3  
  145  12:34  Hellbat  
  156  12:41  Cyclone x2, Hellbat  
  164  12:45  Supply Depot  
  164  12:50  Liberator  
  164  12:51  Supply Depot  
  164  13:07  Cyclone, Orbital Command, Medivac  
  166  13:24  SCV  
  166  13:25  SCV, Siege Tank x3  
  166  13:26  Hellbat x2  
  179  13:27  Cyclone  
  182  13:42  SCV  
  182  13:44  SCV x3  
  186  13:54  SCV  
  160  13:56  SCV  
Tags
 
Add a new tag
Caveats
  • Supply blocks, unpowered buildings, or Contaminate may cause inaccurate times.
  • Supply counts are checked every 10 seconds.